[Event "Silves Open 2025"]
[Site "Fissul"]
[Date "2025.03.03"]
[Round "4.18"]
[White "Van Ree, Thailo"]
[Black "Esteves, Goncalo Maria Franco"]
[Result "1-0"]
[Annotator "TA"]
[ECO "A90"]
[WhiteElo "1881"]
[BlackElo "1962"]
[PlyCount "90"]
[EventDate "2025.03.03"]
[EventType "swiss"]
[EventCountry "POR"]
[SourceTitle "playchess.com"]
[Source "ChessBase"]
[SourceQuality "1"]
[TimeControl "5400+30"]

1. d4 f5 2. c4 Nf6 3. Nc3 e6 4. Qc2 d5 5. Nf3 c6 6. g3 Bd6 7. Bg2 O-O 8. O-O Qe8 9. Rb1 {[%emt 0:06:22] A90: Dutch Defence: Miscellaneous and Modern Stonewall (with ...Bd6).} Nbd7 10. b4 b6 $146 (10... dxc4 $11 11. e4 e5) (10... dxc4 11. b5 Nd5 12. bxc6 bxc6 13. e4 Nb4 14. Qe2 Nb6 15. Ne5 Bxe5 16. dxe5 Nd3 {1-0 Tran,T (2491)-Noritsyn,N (2482) Olympiad-43 Batumi 2018 (7.14)}) 11. c5 (11. cxd5 $1 $16 exd5 12. Nh4 (12. Qxf5 $2 Ne4 $19)) 11... Bc7 $11 12. b5 Ne4 (12... Bb7 $11) 13. bxc6 $16 {[%emt 0:05:26][%csl Oc6] White has a strong passed pawn} Nb8 14. Nb5 Qxc6 15. Nxc7 $1 Qxc7 16. Bf4 Qb7 17. Rfc1 Bd7 18. h4 Rc8 {[%emt 0:01:55] Black is weak on the dark squares} 19. Ne5 Be8 20. e3 h6 (20... Qe7 $142) 21. f3 {[%emt 0:03:27][%csl Oe5] Strong Square White (e5)} Nf6 22. g4 {[%emt 0:02:16] Against Nh5} fxg4 23. fxg4 Nc6 24. g5 hxg5 25. hxg5 Nxe5 26. Bxe5 {[%emt 0:00:43] This pair of bishops is nice.} (26. gxf6 $6 Bg6 27. e4 Nc6 $16) 26... Ne4 (26... Nh7 $142) 27. Bxe4 $18 dxe4 28. Qg2 (28. g6 $18 {and White stays clearly on top.}) 28... Bh5 $2 (28... Qf7 $16 {is tougher.} 29. Rc2 (29. Qxe4 Bc6 $14) (29. cxb6 axb6 30. d5 Rxc1+ 31. Rxc1 Qf5 $11) 29... Qf3) 29. g6 Qe7 30. c6 $2 (30. Qxe4 Qg5+ 31. Qg2 Qxe3+ 32. Qf2 Qg5+ 33. Qg2 Qe3+ 34. Qf2 Qh6 35. Qf7+ Kh8 $14) (30. cxb6 axb6 31. Rxc8+ (31. Qxe4 Qg5+ 32. Qg2 Rxc1+ 33. Rxc1 Qxe3+ 34. Kh2 Bf3 $19) 31... Rxc8 $11) (30. Rf1 {Rf7 is the strong threat.} Rf8 31. Rxf8+ (31. cxb6 axb6 32. Rxf8+ Rxf8 $14) 31... Rxf8 32. Bd6 (32. cxb6 axb6 33. Bf4 Qf6 $14)) 30... Rf8 {[%emt 0:01:47] Counterplay White} 31. c7 $1 {[%emt 0:01:08][%cal Og2g3] White plays on the queen side and is better} (31. Qxe4 $2 Qg5+ 32. Qg2 Qxe3+ 33. Kh2 Rf2 $19) 31... Rac8 32. Rf1 (32. Qxe4 $2 Bf3 $19) 32... Bf3 33. Qg3 {[%emt 0:00:33] Some like it hot. White is much more active.} (33. Qh3 $1 $16 Qg5+ 34. Kh2 (34. Qg3 Qxe3+ 35. Qf2 Qh6 $19)) 33... Rf5 $15 34. Bf4 {[%emt 0:00:56] [#] Against Rg5} (34. Bd6 $1 $15 Rg5 35. Bxe7 Rxg3+ 36. Kh2 Rg2+ (36... Rxg6 37. Bd8 $11) 37. Kh3) 34... Rh5 ({Black should play} 34... e5 $1 $17 35. Qh3 (35. Bxe5 $2 Rg5 $19) 35... Qf6 36. Qh7+ (36. dxe5 Qxg6+ 37. Qg3 Qxg3+ 38. Bxg3 Rxc7 $17) 36... Kf8) 35. Rxf3 $14 exf3 36. Qxf3 $40 {[%emt 0:00:10][%mdl 128] White is up to no good.} Qh4 {[%emt 0:02:07][%mdl 8192] [#]} (36... Rf5 $11 {and Black stays safe.}) 37. Qg2 $2 (37. Qb7 $1 $18 Qg4+ 38. Kf1 Qxg6 39. Qxc8+ Kh7 40. Qh8+ Kxh8 41. c8=Q+ Kh7 42. Rc1) 37... Qf6 38. Rf1 Rf5 39. Rc1 Rh5 (39... Rxf4 $11 40. exf4 Qxf4) 40. Qg3 ({Better is} 40. Kf1 $16) 40... Qf5 $11 41. Qg2 b5 (41... Qf6 $11 {keeps the balance.}) 42. Kf2 b4 $2 (42... Rh4 $14 43. Ke2 Rxf4 44. exf4 Qxf4) 43. Rc5 $18 Qh3 44. Qxh3 Rxh3 45. Rb5 e5 {[%emt 0:01:35] Weighted Error Value: White=0.33/Black=0.63  Loses game:     	---       	Black=3      Missed win:     	White=1     	---        Mistake:       	White=6     	Black=7      Inaccurate:     	White=1     	Black=2      OK:         	White=8     	Black=11     Best:        	White=5     	Black=3} 1-0

[Event "Silves Open 2025"]
[Site "Fissul"]
[Date "2025.03.03"]
[Round "4.20"]
[White "Esteves, Goncalo Maria Franco"]
[Black "Pena, Helio Adelino Silva"]
[Result "1-0"]
[Annotator "TA"]
[ECO "A07"]
[WhiteElo "1962"]
[BlackElo "1842"]
[PlyCount "78"]
[EventDate "2025.03.03"]
[EventType "swiss"]
[EventCountry "POR"]
[SourceTitle "playchess.com"]
[Source "ChessBase"]
[SourceQuality "1"]
[TimeControl "5400+30"]

1. Nf3 g6 2. g3 Bg7 3. Bg2 Nf6 4. O-O O-O 5. d3 d5 6. Re1 {[%emt 0:00:30] A07: Réti Opening: New York and Capablanca Systems.} Re8 7. Nbd2 d4 $146 (7... e5 8. e4 d4 9. Nc4 Nbd7 10. a4 c6 11. Nh4 Qc7 12. f4 Nh5 13. f5 b5 14. axb5 cxb5 {1-0 Salman,P (2287)-Szente Varga,F (2085) Titled Tuesday intern op 27th Sep Early blitz 2022 (6)}) 8. c4 {[%emt 0:00:30] The position is equal.} dxc3 (8... Nc6 $11) 9. bxc3 $14 Nd5 10. Qb3 Nxc3 {[%emt 0:00:30] [#]} 11. d4 $1 {[%emt 0:00:30] White sacrificed a pawn} Nd5 (11... Nc6 12. Bb2) 12. e4 {[%emt 0:00:30][%mdl 1024] White has compensation.} Nb6 13. Bb2 e6 14. Rad1 Bd7 15. Rc1 Bc6 16. Nc4 N8d7 17. Na5 Ba4 18. Qc3 c5 19. Qa3 (19. Nxb7 $11 cxd4 20. Nxd4) 19... Bc6 $2 (19... cxd4 $1 $15 {stays ahead.} 20. Bxd4 Bf8) 20. Nxc6 $18 (20. dxc5 Na4 21. Nxc6 Bxb2 22. Qxa4 bxc6 $16) 20... bxc6 21. dxc5 {and Bxg7 should not be overlooked} Bxb2 22. Qxb2 Na4 {[#]} 23. Qd4 (23. Qa3 $1 $18 Ndxc5 24. Rxc5) 23... Ndxc5 $16 {[#] Hoping for ...Qxd4.} 24. Rc4 {White is more active.} ({White should try} 24. Qe3 $1 $16) 24... Qa5 (24... Qxd4 $11 25. Nxd4 Rec8) 25. Rec1 Rad8 26. Qe5 Rd7 (26... Qb5 $16) 27. h4 (27. Rxc5 Nxc5 28. Qxc5 (28. Rxc5 $2 {too greedy.} Rd1+ 29. Bf1 Qa6 $19) 28... Qxc5 29. Rxc5 Rb8 $18) 27... h5 28. Rxc5 (28. Bf1 $18) 28... Nxc5 $14 29. Rxc5 (29. Qxc5 {simplifies} Qxc5 30. Rxc5 Rb8 31. Bf1) 29... Qxa2 30. Bf1 Rd1 $1 31. Kg2 Qa1 32. Qxa1 Rxa1 33. Rxc6 Re7 {Repels Rc7} 34. e5 Rb7 35. Rc5 a5 36. Ng5 a4 37. Ne4 Rab1 (37... Ra7 $11 {remains equal.}) 38. Ra5 $16 Re1 39. Rxa4 Rb5 $2 {[%mdl 8192] Weighted Error Value: White=0.23 (precise) /Black=0.33  Loses game:     	---       	Black=2      Mistake:       	White=4     	Black=4      Inaccurate:     	White=6     	Black=3      OK:         	White=9     	Black=13     Best:        	White=2     	---        Strong:       	---       	Black=1} (39... Kg7 $16 40. Bd3 Rb3) 1-0

[Event "Silves Open 2025"]
[Site "Fissul"]
[Date "2025.03.03"]
[Round "4.21"]
[White "Pinho, Tiago Brandao De"]
[Black "Van Ginkel, Henk"]
[Result "1/2-1/2"]
[Annotator "TA"]
[ECO "B27"]
[WhiteElo "1919"]
[BlackElo "1811"]
[PlyCount "34"]
[EventDate "2025.03.03"]
[EventType "swiss"]
[EventCountry "POR"]
[SourceTitle "playchess.com"]
[Source "ChessBase"]
[SourceQuality "1"]
[TimeControl "5400+30"]

1. e4 c5 2. Nc3 g6 3. d4 cxd4 4. Qxd4 Nf6 5. Nf3 Nc6 6. Qa4 {[%emt 0:00:15] and e5 should not be overlooked B27: Sicilian: 2 Nf3, unusual Black 2nd moves.} d5 (6... d6 $1 $11 {keeps the balance.}) 7. e5 {[%emt 0:08:04] White is more active.} Ne4 8. Nxe4 {[%emt 0:04:00] White is slightly better.} dxe4 9. Qxe4 Bg7 10. Bf4 Qb6 11. O-O-O Bf5 12. Qa4 {[%emt 0:01:38] Weighted Error Value: White=0.16 (very precise) /Black=0.23 (precise)   Mistake:       	White=1     	Black=1      Inaccurate:     	White=2     	Black=1      OK:         	---       	Black=1} (12. Qe3 $16) {Predecessor:} 12... Qxf2 $146 13. Rd2 Qb6 14. Qb5 O-O 15. Qxb6 axb6 16. a3 Ra4 17. g3 Rc8 {½-½ De Pinho,T (1921)-Van Ginkel,H (1812) Silves op 2025 (4)} 1/2-1/2

[Event "Silves Open 2025"]
[Site "Fissul"]
[Date "2025.03.03"]
[Round "4.22"]
[White "Avelino, Camila Biscaya"]
[Black "Rogge, Marloes"]
[Result "1-0"]
[Annotator "TA"]
[ECO "C41"]
[WhiteElo "1906"]
[BlackElo "1761"]
[PlyCount "46"]
[EventDate "2025.03.03"]
[EventType "swiss"]
[EventCountry "POR"]
[SourceTitle "playchess.com"]
[Source "ChessBase"]
[SourceQuality "1"]
[TimeControl "5400+30"]

1. e4 d6 2. d4 Nf6 3. Nc3 e5 4. Nf3 Nbd7 5. a4 Be7 6. a5 {[%emt 0:00:46] C41: Philidor Defence.} a6 7. Be2 O-O 8. O-O {[%emt 0:01:03] White is slightly better.} c6 9. h3 Qc7 10. Be3 b5 $146 (10... Re8 11. Bc4 Bf8 12. Qb1 exd4 13. Qa2 dxe3 14. Bxf7+ Kh8 15. Bxe8 Nxe8 16. Ng5 h6 {0-1 Stuchly,O (1680)-Truksa,V (1690) CZE-ch U14 Kouty nad Desnou 2012 (7)}) 11. axb6 Nxb6 12. dxe5 dxe5 13. Bxb6 (13. Nxe5 {is more complex.} Qxe5 14. Bxb6 Nxe4 15. Bd4) 13... Qxb6 14. Nxe5 Qxb2 (14... Rd8 $142 15. Qc1 Qc7) 15. Nxc6 $16 {[%emt 0:00:27] White is clearly better.} Qxc3 16. Nxe7+ Kh8 17. Nxc8 Rfxc8 (17... Qxc8 $16 {might work better.} 18. e5 Ne4) 18. Bxa6 $18 Rd8 19. Bd3 Rac8 20. Qf3 g6 21. Ra7 Kg7 22. Qf4 {[%emt 0:06:23] [#] and e5 should not be overlooked} Rf8 23. Rb1 Nh5 {[%emt 0:02:47] Black got outplayed after the opening.   Weighted Error Value: White=0.05 (flawless) /Black=0.22 (precise)   Mistake:       	---       	Black=2      Inaccurate:     	White=1     	Black=2      OK:         	White=11    	Black=1      Best:        	White=2     	---} 1-0

[Event "Silves Open 2025"]
[Site "Fissul"]
[Date "2025.03.03"]
[Round "4.23"]
[White "Mostafa, Hazem Farouk Mahmoud"]
[Black "Adams, Philip"]
[Result "0-1"]
[Annotator "TA"]
[ECO "C02"]
[WhiteElo "1769"]
[BlackElo "1903"]
[PlyCount "45"]
[EventDate "2025.03.03"]
[EventType "swiss"]
[EventCountry "POR"]
[SourceTitle "playchess.com"]
[Source "ChessBase"]
[SourceQuality "1"]
[TimeControl "5400+30"]

1. e4 c5 2. Nf3 e6 3. c3 d5 4. e5 Nc6 5. d4 Nge7 6. Be2 Nf5 7. g4 {[%emt 0:00:30] 7.dxc5 is the modern continuation. C02: French: Advance Variation.} Nh4 8. O-O (8. Nxh4 $15 Qxh4 9. Bf4) 8... Nxf3+ $17 9. Bxf3 {[%emt 0:00:30] [#] Black is better.} cxd4 $1 10. cxd4 {[%emt 0:00:30] [#]} Qb6 $1 11. Nc3 Qxd4 12. Qxd4 $146 (12. Nb5 Qxd1 13. Bxd1 Rb8 14. Ba4 a6 15. Nc7+ Kd7 16. Nxd5 exd5 17. Rd1 Ke6 18. f4 {0-1 Duttweiler,R-Senn,R Zuerich op-B 29th 2005 (1)}) 12... Nxd4 13. Bd1 Be7 14. Be3 Nc6 15. Nb5 {[%emt 0:00:30] and Nc7+ would now be decisive} O-O $1 (15... Nxe5 $2 16. Nc7+ (16. Bxa7 $2 {is the wrong capture.} O-O $19) 16... Kd7 17. Nxa8 $18) 16. f4 Rd8 17. Bf2 a6 18. Nc7 (18. Nd4 $17) 18... Rb8 $19 {[%emt 0:00:30] ...Bd7 would now be deadly.} 19. Bb6 Bd7 20. a3 Rdc8 21. Ba4 Bd8 22. Ba7 Nxa7 23. Bxd7 {White did not feel at home in the position after the opening.   Weighted Error Value: White=0.51/Black=0.03 (flawless)   Mistake:       	White=2     	---        Inaccurate:     	White=2     	---        OK:         	White=3     	Black=9      Best:        	---       	Black=1      Strong:       	---       	Black=3} 0-1

[Event "Silves Open 2025"]
[Site "Fissul"]
[Date "2025.03.03"]
[Round "4.24"]
[White "Sousa, Carlos Fantasia"]
[Black "Dumont, Andre"]
[Result "1-0"]
[Annotator "NA RC COMBH"]
[ECO "C30"]
[WhiteElo "1752"]
[BlackElo "1891"]
[PlyCount "43"]
[EventDate "2025.03.03"]
[EventType "swiss"]
[EventCountry "POR"]
[SourceTitle "playchess.com"]
[Source "ChessBase"]
[SourceQuality "1"]
[TimeControl "5400+30"]

1. e4 e5 2. f4 Qh4+ 3. g3 Qe7 4. d3 exf4 5. Bxf4 Qb4+ 6. Nd2 Qxb2 7. Ngf3 Nc6 8. Nc4 Bb4+ 9. Kf2 Qf6 10. Bh3 d6 11. e5 dxe5 12. Bg5 Qg6 13. Bxc8 Rxc8 14. Qe2 Nge7 15. Bxe7 Nxe7 16. Ncxe5 Qd6 17. Kg2 O-O 18. Qe4 Nd5 19. c4 Nf6 20. Qxb7 Bc3 21. d4 Qe6 22. Qc6 1-0

[Event "Silves Open 2025"]
[Site "Fissul"]
[Date "2025.03.03"]
[Round "4.26"]
[White "Almeida, Luis Eduardo dos Rei"]
[Black "De Kruif, Kees"]
[Result "1/2-1/2"]
[Annotator "NA RC COMBH"]
[ECO "B88"]
[WhiteElo "1841"]
[BlackElo "1857"]
[PlyCount "55"]
[EventDate "2025.03.03"]
[EventType "swiss"]
[EventCountry "POR"]
[SourceTitle "playchess.com"]
[Source "ChessBase"]
[SourceQuality "1"]
[TimeControl "5400+30"]

1. e4 c5 2. Nc3 Nc6 3. f4 d6 4. Nf3 e6 5. d4 cxd4 6. Nxd4 a6 7. Bc4 Nf6 8. Bb3 Na5 9. Be3 Nxb3 10. Nxb3 Be7 11. Qe2 O-O 12. g4 b5 13. g5 Nd7 14. a3 Nc5 15. h4 Nxb3 16. cxb3 f5 17. Rg1 Bb7 18. exf5 exf5 19. O-O-O Re8 20. Kb1 Rc8 21. Nd5 Bxd5 22. Rxd5 Qd7 23. Qd3 Bf8 24. Rxf5 Rxe3 25. Rxf8+ Rxf8 26. Qxe3 Qf5+ 27. Ka2 Qxf4 28. Qe6+ 1/2-1/2

[Event "Silves Open 2025"]
[Site "Fissul"]
[Date "2025.03.03"]
[Round "4.27"]
[White "Bravo Galvez, Ricardo"]
[Black "Silverio, Vitor Luis De Jesus"]
[Result "0-1"]
[Annotator "TA"]
[ECO "A86"]
[WhiteElo "2098"]
[BlackElo "2143"]
[PlyCount "84"]
[EventDate "2025.03.03"]
[EventType "swiss"]
[EventCountry "POR"]
[SourceTitle "playchess.com"]
[Source "ChessBase"]
[SourceQuality "1"]
[TimeControl "5400+30"]

1. d4 f5 2. g3 Nf6 3. Bg2 g6 4. c4 Bg7 5. Nc3 O-O 6. e3 d6 7. Nge2 c6 8. O-O Qc7 {[%emt 0:00:30] A86: Dutch Defence: Leningrad System: Unusual lines and 5 Nh3.} 9. b4 (9. b3 $14) 9... Be6 $146 ({Predecessor:} 9... e5 10. Qb3 Kh8 11. Bb2 Be6 12. d5 Bg8 13. Rac1 Nbd7 14. a4 Rac8 15. Rfd1 a6 16. a5 {1-0 Brandl,L (1708)-Waechter,N (1702) GER-ch U14 Girls 2013 (9)}) 10. Qd3 Bf7 {[%emt 0:00:30] Black is slightly better.} 11. Rb1 Nbd7 12. c5 e5 13. dxe5 dxe5 14. e4 $1 Rad8 15. Qc2 Rfe8 16. Be3 Ng4 (16... f4 $11 {was preferable.} 17. gxf4 exf4 18. Bxf4 (18. Nxf4 Ng4 $17) 18... Ne5) 17. Bg5 Bf6 18. Bc1 Bg7 19. exf5 gxf5 20. Qxf5 {[%emt 0:00:30][%csl Oe5,Oh7] Black has weak pawns} Nxh2 21. Kxh2 $18 Bg6 {[%emt 0:00:30] [#]} 22. Qg4 Nf6 (22... Bxb1 23. Nxb1) 23. Qh4 Bxb1 24. Bg5 (24. Nxb1 $18 {Hoping for Nd2.} e4 25. Kg1) 24... Bg6 $16 25. Bxf6 Bxf6 26. Qxf6 Rf8 (26... Qe7 $16 {is a better defense.} 27. Ne4 Bxe4 28. Qxe7 Rxe7) 27. Qg5 Rf5 28. Qe3 Rd3 29. Qc1 (29. Qxd3 $2 Rh5+ 30. Kg1 Bxd3 $19) 29... Qd7 30. Ne4 Qf7 31. Nd6 Rh5+ 32. Kg1 Qxa2 33. Nc3 Qe6 34. Nce4 (34. Nxb7 Qb3 35. Ne4 Bxe4 36. Bxe4 Rxg3+ 37. fxg3 Qxg3+ 38. Bg2 Qh2+ 39. Kf2 Rf5+ 40. Ke3 (40. Ke1 Qg3+ 41. Kd1 Qg4+ $18) 40... Qg3+ 41. Ke4 Qg4+ 42. Kd3 e4+ 43. Kc4 (43. Bxe4 Qh3+ $18) 43... Rg5) 34... Rd4 35. f4 (35. Bf3 $142 Bxe4 36. Bxh5) 35... Kg7 $2 (35... Bxe4 {is a better chance.} 36. Nxe4 (36. Bxe4 Qh3 $16) 36... Rxe4) 36. Ng5 {[%emt 0:00:30] Excellent horsemanship.} Qb3 37. f5 (37. Nxb7 Qxg3 38. Ne6+ Kh8 39. Nxd4 Qh2+ 40. Kf2 Qh4+ 41. Ke2 Qg3 $16) 37... Qxg3 38. f6+ $2 ({White has to play} 38. Ne6+ $18 Kh8 39. Nxd4 (39. fxg6 Qh2+ 40. Kf2 Rg4 $18) 39... Qh2+ 40. Kf2 Qh4+ 41. Ke2 Qg4+ 42. Nf3 (42. Bf3 Qxd4 43. Rf2 Rxf5 $18)) 38... Kg8 $17 {[%emt 0:00:30] ...Rdh4 is the strong threat. Dancing on a razor blade.} 39. f7+ Bxf7 $1 {[%emt 0:00:30][%cal Od4h4] ( -> ...Rdh4!)} 40. Ngxf7 $2 (40. Nge4 Qh2+ 41. Kf2 Rxe4 42. Nxe4 Rf5+ 43. Ke1 (43. Ke3 $2 Qxg2 44. Rxf5 Qh3+ 45. Ke2 Qxf5 $19) 43... Qxg2 44. Nf6+ Rxf6 45. Rxf6) 40... Qh2+ (40... Rxb4 $2 {loses.} 41. Nh6+ Rxh6 42. Qxh6 $18) 41. Kf2 Rf4+ ({Stronger than} 41... Rxb4 42. Rg1 $11) 42. Ke1 {[%emt 0:00:30] [#]} (42. Qxf4 $19 Qxf4+ (42... exf4 $2 43. Re1 $19) 43. Ke2 Qxb4 44. Rf3) 42... Qg3+ {[%emt 0:00:30] What a bad dream for White.   Weighted Error Value: White=0.78/Black=0.72  Loses game:     	---       	Black=1      Missed win:     	White=1     	---        Mistake:       	White=5     	Black=3      Inaccurate:     	White=2     	Black=4      OK:         	White=5     	Black=10     Best:        	White=5     	Black=1      Strong:       	White=1     	Black=1} 0-1

[Event "Silves Open 2025"]
[Site "Fissul"]
[Date "2025.03.03"]
[Round "4.28"]
[White "Ruiz Esteban, Ruben"]
[Black "Finkler, Kai Andreas"]
[Result "0-1"]
[Annotator "TA"]
[ECO "B05"]
[WhiteElo "1655"]
[BlackElo "1990"]
[PlyCount "54"]
[EventDate "2025.03.03"]
[EventType "swiss"]
[EventCountry "POR"]
[SourceTitle "playchess.com"]
[Source "ChessBase"]
[SourceQuality "1"]
[TimeControl "5400+30"]

1. e4 Nf6 2. e5 Nd5 3. d4 d6 4. Nf3 Bg4 5. Be2 Nc6 6. O-O dxe5 {[%emt 0:09:49] B05: Alekhine's Defence: 4 Nf3 Bg4.} 7. dxe5 (7. Nxe5 $14 Nxe5 8. dxe5 (8. Bxg4 Nxg4 9. Qxg4 c6 $14)) 7... Ndb4 8. Na3 {[%emt 0:07:26] Black should prevent c3.} e6 {[%emt 0:05:59] White has an edge.} 9. Qxd8+ $146 (9. c3 Qxd1 10. Rxd1 Nd5 11. c4 Ndb4 12. Nb5 Rc8 13. a3 Nc2 14. Ra2 a6 15. Nc3 Bxf3 16. Bxf3 {1-0 Dogge,M-Goverde,R Vlissingen HZ op 05th 2001 (7)}) 9... Rxd8 10. Bg5 (10. h3 $11 Bxf3 11. Bxf3) 10... Be7 $17 11. Bxe7 Kxe7 12. h3 Bh5 {[%emt 0:03:38] Black is more active.} 13. g4 (13. Rfe1 $142) 13... Bg6 14. c3 {[%emt 0:01:55] [#]} (14. Bb5 $17 {was called for.}) 14... Nd3 $1 $19 15. Bxd3 Bxd3 (15... Rxd3 $19 16. Ne1 Rxh3) 16. Rfe1 $15 Rd7 17. Rad1 Rhd8 18. Kg2 $2 {[%emt 0:03:23][%mdl 8192] [#]} (18. b4 $15) 18... a6 $2 (18... Bf1+ $1 $19 19. Kxf1 Rxd1) 19. Kg3 h6 20. Re3 Bg6 21. Rxd7+ Rxd7 22. Re2 ({White should try} 22. Re1 $15) 22... Rd1 $17 23. Nc2 $2 (23. Ne1 $17) 23... Bd3 $19 {[%emt 0:00:47] Black is clearly winning.} 24. Ncd4 Nxd4 25. Nxd4 Bxe2 26. Nxe2 Rd2 27. Kg2 Rd7 {[%emt 0:53:54] Weighted Error Value: White=0.82/Black=0.36  Loses game:     	White=2     	---        Missed win:     	---       	Black=1      Mistake:       	White=5     	Black=1      Inaccurate:     	White=2     	Black=2      OK:         	White=5     	Black=5      Best:        	White=1     	Black=2      Strong:       	---       	Black=1} (27... Rxe2 $142 28. b4 Rxa2 (28... Rxe5 $2 29. Kf3 $19)) 0-1

[Event "Silves Open 2025"]
[Site "Fissul"]
[Date "2025.03.03"]
[Round "4.29"]
[White "Peixoto, Helio Ricardo Soutin"]
[Black "Custodio, Dinis"]
[Result "1-0"]
[Annotator "TA"]
[ECO "C28"]
[WhiteElo "1918"]
[BlackElo "1582"]
[PlyCount "61"]
[EventDate "2025.03.03"]
[EventType "swiss"]
[EventCountry "POR"]
[SourceTitle "playchess.com"]
[Source "ChessBase"]
[SourceQuality "1"]
[TimeControl "5400+30"]

1. e4 e5 2. Bc4 Nf6 3. Nc3 Bb4 4. Nf3 d6 5. O-O Bg4 6. d3 Nc6 7. Be3 {[%emt 0:00:00] Prevents Nd4. C28: Vienna Game: 2...Nf6 3 Bc4 Nc6.} (7. Nd5 $14) 7... O-O 8. h3 Bh5 (8... Bxc3 $11 9. bxc3 Bh5) 9. a3 (9. Nd5 $14) 9... Ba5 10. g4 $146 (10. Nd5 h6 11. b4 Bb6 12. a4 Nxd5 13. exd5 Nxb4 14. a5 Bxe3 15. fxe3 c6 16. Rb1 Nxd5 17. Bxd5 cxd5 18. Rxb7 Qxa5 {0-1 Loseries,P-Peilert,M (789) Mecklenburg VP-ch U10 2018 (4.6)}) 10... Bg6 11. Bg5 (11. b4 $5 Bb6 $8 12. Qd2 $11) 11... h6 12. Bh4 Nd4 $2 {[%emt 0:00:00] [#] This move loses the game for Black.} (12... Bxc3 $14 13. bxc3 Qe7) 13. Nxd4 $18 exd4 14. Nd5 {[%emt 0:00:00] And now b4 would win.} Bh7 $2 (14... c6) 15. Qf3 g5 (15... Bg6 $142 16. Nxf6+ (16. Bxf6 gxf6 17. Nxf6+ Kg7 $16) 16... gxf6 17. Qxf6 (17. Bxf6 Qd7 $18) 17... Qxf6 18. Bxf6 Bd2 19. Bxd4 c6) 16. Nxf6+ Kg7 17. Nh5+ Kg8 18. Bg3 Bg6 19. Nf6+ Kg7 20. b4 Bb6 21. e5 Rb8 22. Rae1 a6 23. Nd5 dxe5 24. Bxe5+ f6 {[%emt 0:00:00] [#]} 25. Bxc7 $1 Bxc7 26. Re7+ Rf7 27. Qxf6+ {[%emt 0:00:00] White mates.} Kg8 28. Qxg6+ Kh8 29. Rxf7 Qg8 30. Qxh6+ Qh7 31. Qxh7# {[%emt 0:00:00] Weighted Error Value: White=0.19 (very precise) /Black=0.92  Loses game:     	---       	Black=1      Mistake:       	White=1     	Black=3      Inaccurate:     	---       	Black=3      OK:         	White=4     	Black=2      Best:        	White=1     	---} 1-0

[Event "Silves Open 2025"]
[Site "Fissul"]
[Date "2025.03.03"]
[Round "4.30"]
[White "Tacuchian, Marcelo Oliveira"]
[Black "Ryabukhina, Veronika"]
[Result "0-1"]
[Annotator "NA RC COMBH"]
[ECO "A13"]
[WhiteElo "1620"]
[BlackElo "1880"]
[PlyCount "72"]
[EventDate "2025.03.03"]
[EventType "swiss"]
[EventCountry "POR"]
[SourceTitle "playchess.com"]
[Source "ChessBase"]
[SourceQuality "1"]
[TimeControl "5400+30"]

1. c4 e6 2. g3 d5 3. Bg2 Nf6 4. Nf3 c6 5. b3 Bd6 6. Bb2 {[%emt 0:00:30] A13: English Opening: 1...e6.} O-O 7. Qc2 Nbd7 8. d3 b6 9. Nbd2 Bb7 10. O-O e5 11. Rfd1 Re8 12. Ne1 Qe7 13. cxd5 cxd5 14. e4 Rac8 15. Qb1 Bb8 16. Rc1 Nc5 17. Ba3 dxe4 18. Nxe4 Nfxe4 19. Bxe4 Bd6 20. Bxb7 Qxb7 21. Rc4 b5 22. Bxc5 Bxc5 23. Rxc5 Rxc5 24. Qd1 Rec8 25. a4 b4 26. Nf3 f6 27. Nd2 Qd5 $19 28. Ne4 R5c7 29. Qf3 Rd8 30. Rd1 Qxb3 31. Qg4 Qf7 32. h4 Rd4 33. Qf3 h6 34. g4 b3 35. Kh2 Qd7 36. Ng3 Qxg4 0-1

[Event "Silves Open 2025"]
[Site "Fissul"]
[Date "2025.03.03"]
[Round "4.31"]
[White "Li, Leon"]
[Black "Almeida, Marta Dias"]
[Result "0-1"]
[Annotator "NA RC COMBH"]
[ECO "B13"]
[WhiteElo "1627"]
[BlackElo "1790"]
[PlyCount "124"]
[EventDate "2025.03.03"]
[EventType "swiss"]
[EventCountry "POR"]
[SourceTitle "playchess.com"]
[Source "ChessBase"]
[SourceQuality "1"]
[TimeControl "5400+30"]

1. e4 c6 2. d4 d5 3. exd5 cxd5 4. Bd3 Nc6 5. c3 Nf6 6. Bf4 Bg4 7. Nf3 e6 8. Nbd2 Bd6 9. Bxd6 Qxd6 10. O-O O-O 11. h3 Bh5 12. Re1 Rac8 13. Nb3 Rfe8 14. Bc2 Qc7 15. Rc1 b6 16. Qd3 Bg6 17. Qd2 Bxc2 18. Qxc2 a5 19. Nbd2 Qf4 20. Qd3 Rc7 21. Qe3 Qd6 22. Ne5 Rec8 23. Nxc6 Rxc6 24. Nf3 a4 25. Ne5 R6c7 26. Nd3 a3 27. Re2 axb2 28. Nxb2 Qa3 29. Nd1 Ne4 30. Rec2 b5 31. f3 Nd6 32. Qe2 Rc4 33. Qd2 R4c6 34. Ne3 Nc4 35. Nxc4 Rxc4 36. Kf2 h6 37. Ke2 Qa6 38. Ke1 Qd6 39. f4 Qe7 40. Qf2 Qf6 41. g3 Qf5 42. h4 b4 43. Kd2 Qe4 44. Qe3 bxc3+ 45. Rxc3 Qxe3+ 46. Rxe3 Rxc1 47. Ke2 h5 48. Rd3 R8c2+ 49. Rd2 Rxd2+ 50. Kxd2 Ra1 51. Ke3 Rxa2 52. Kf3 Kh7 53. Ke3 Kg6 54. f5+ Kxf5 55. g4+ hxg4 56. Kd3 Ra3+ 57. Kc2 g3 58. Kb2 Rf3 59. Kc2 g2 60. Kd2 g1=Q 61. Ke2 Qg2+ 62. Ke1 Rf1# 0-1